PCL
GRESHAM GOLD SOULS @ ALBUQUERQUE ISOTOPES
07/24/2029
 
TOP OF THE 1ST
Gresham Gold Souls batting - Pitching for Albuquerque Isotopes : RHP Pedro Mendoza
Pitching: RHP Pedro Mendoza
Batting: LHB Alberto Varela 0-0: Ball
1-0: Ball
2-0: Ground out 3-1 (Groundball, 34S)
Batting: LHB Bill Smith 0-0: Called Strike
0-1: Ball
1-1: SINGLE (Line Drive, 8RS)
Batting: LHB Troy Donaldson 0-0: Called Strike
0-1: Called Strike
0-2: Ball
1-2: Ball
2-2: Foul Ball, location: 2F
2-2: Ball
3-2: Fly out, F9 (Flyball, 9)
Batting: LHB Ezechiele Bruno 0-0: Ball
1-0: DOUBLE (Line Drive, 89D)
Bill Smith to third
Runner from 3rd tries for Home, SAFE, no throw
Batting: LHB Millard Dye 0-0: Ball
1-0: Ball
2-0: Swinging Strike
2-1: Ball
3-1: Called Strike
3-2: Foul Ball, location: 2F
3-2: Base on Balls
Batting: RHB Robert Bly 0-0: Called Strike
0-1: Ball
1-1: Called Strike
1-2: Ball
2-2: Fly out, F8 (Flyball, 78M)
Top of the 1st over - 1 run, 2 hits, 0 errors, 2 left on base; Gresham 1 - Albuquerque 0
BOTTOM OF THE 1ST
Albuquerque Isotopes batting - Pitching for Gresham Gold Souls : RHP Paul Miller
Pitching: RHP Paul Miller
Batting: LHB Ken Nelson 0-0: Foul Ball, location: 2F
0-1: Ball
1-1: Ball
2-1: Foul Ball, location: 2F
2-2: Strikes out swinging
Batting: RHB Kelly Graham 0-0: Ball
1-0: SINGLE (Flyball, 8RS)
Batting: LHB Edward Bennett 0-0: Ball
1-0: 2-RUN HOME RUN (Flyball, 7D), Distance : 365 ft
Batting: RHB Roberto Tobías 0-0: Called Strike
0-1: Ground out 4-3 (Groundball, 4M)
Batting: LHB José González 0-0: Called Strike
0-1: Ball
1-1: Foul Ball, location: 2F
1-2: Strikes out swinging
Bottom of the 1st over - 2 runs, 2 hits, 0 errors, 0 left on base; Gresham 1 - Albuquerque 2
TOP OF THE 2ND
Gresham Gold Souls batting - Pitching for Albuquerque Isotopes : RHP Pedro Mendoza
Batting: SHB Todd Smith 0-0: Ball
1-0: Called Strike
1-1: Called Strike
1-2: Ball
2-2: Foul Ball, location: 2F
2-2: Ball
3-2: Fly out, F6 (Popup, 56)
Batting: RHB Augusto Baiano 0-0: Ball
1-0: Foul Ball, location: 2F
1-1: Ball
2-1: Ball
3-1: Base on Balls
Batting: RHB Adam Thomas 0-0: SINGLE (Groundball, 4MD)
Augusto Baiano to second
Runner from 2nd tries for 3rd, SAFE, throw made to third
Batting: LHB Alberto Varela 0-0: Called Strike
0-1: Swinging Strike
0-2: Ball
1-2: Strikes out swinging
Batting: LHB Bill Smith Pickoff Throw to First - Error! E1
Augusto Baiano scores
Adam Thomas to second
0-0: Ball
1-0: Foul Ball, location: 2F
1-1: SINGLE (Groundball, 4MD)
Adam Thomas to third
Runner from 3rd tries for Home, SAFE, throw made home
Batting: LHB Troy Donaldson 0-0: Swinging Strike
0-1: Ball
1-1: Called Strike
1-2: Ball
2-2: SINGLE (Line Drive, 6)
Bill Smith to second
Bill Smith to third
Batting: LHB Ezechiele Bruno 0-0: Ball
1-0: Called Strike
1-1: Ball
2-1: Foul Ball, location: 2F
2-2: Ball
3-2: Foul Ball, location: 2F
3-2: Strikes out swinging
Top of the 2nd over - 2 runs, 3 hits, 1 error, 2 left on base; Gresham 3 - Albuquerque 2
BOTTOM OF THE 2ND
Albuquerque Isotopes batting - Pitching for Gresham Gold Souls : RHP Paul Miller
Batting: RHB Tony Parker 0-0: Called Strike
0-1: Ball
1-1: Ball
2-1: Called Strike
2-2: Ball
3-2: Base on Balls
Batting: RHB Luis Ortega 0-0: Foul Ball, location: 2F
0-1: Ball
1-1: Ball
2-1: Ball
3-1: Foul Ball, location: 2F
3-2: Fly out, F3 (Popup, 23F)
Batting: RHB Martín López 0-0: Called Strike
0-1: Ball
1-1: Foul Ball, location: 2F
1-2: Fly out, F8 (Flyball, 8RM)
Batting: RHB Piotr Zahn 0-0: Ball
1-0: Ball
2-0: Called Strike
2-1: Fly out, F8 (Flyball, 8LS)
Bottom of the 2nd over - 0 runs, 0 hits, 0 errors, 1 left on base; Gresham 3 - Albuquerque 2
TOP OF THE 3RD
Gresham Gold Souls batting - Pitching for Albuquerque Isotopes : RHP Pedro Mendoza
Batting: LHB Millard Dye 0-0: Ball
1-0: Ball
2-0: Foul Ball, location: 2F
2-1: Ball
3-1: SOLO HOME RUN (Flyball, 89XD), Distance : 391 ft
Batting: RHB Robert Bly 0-0: Called Strike
0-1: Foul Ball, location: 2F
0-2: SINGLE (Groundball, 56D)
Batting: SHB Todd Smith 0-0: Ball
1-0: Called Strike
1-1: Called Strike
1-2: Strikes out swinging
Batting: RHB Augusto Baiano 0-0: Foul Ball, location: 2F
0-1: Foul Ball, location: 2F
0-2: Ball
1-2: Foul Ball, location: 2F
1-2: Strikes out looking
Batting: RHB Adam Thomas 0-0: Called Strike
0-1: Ball
1-1: Fly out, F7 (Flyball, 7)
Top of the 3rd over - 1 run, 2 hits, 0 errors, 1 left on base; Gresham 4 - Albuquerque 2
BOTTOM OF THE 3RD
Albuquerque Isotopes batting - Pitching for Gresham Gold Souls : RHP Paul Miller
Batting: LHB Ken Nelson 0-0: Ball
1-0: Ball
2-0: Ground out U3 (Groundball, 23)
Batting: RHB Kelly Graham 0-0: DOUBLE (Flyball, 8RXD)
Batting: LHB Edward Bennett 0-0: Called Strike
0-1: Fly out, F3 (Popup, 3F)
Batting: RHB Roberto Tobías 0-0: Called Strike
0-1: Swinging Strike
0-2: Strikes out looking
Bottom of the 3rd over - 0 runs, 1 hit, 0 errors, 1 left on base; Gresham 4 - Albuquerque 2
TOP OF THE 4TH
Gresham Gold Souls batting - Pitching for Albuquerque Isotopes : RHP Pedro Mendoza
Batting: LHB Alberto Varela 0-0: Ball
1-0: Swinging Strike
1-1: Called Strike
1-2: Strikes out swinging
Batting: LHB Bill Smith 0-0: Ball
1-0: Foul Ball, location: 2F
1-1: Fly out, F8 (Flyball, 8RD)
Batting: LHB Troy Donaldson 0-0: SINGLE (Line Drive, 7S)
Batting: LHB Ezechiele Bruno 0-0: Swinging Strike
0-1: Ball
1-1: Ball
2-1: SINGLE (Flyball, 7LS)
Troy Donaldson to second
Batting: LHB Millard Dye 0-0: Called Strike
0-1: Ball
1-1: Ball
2-1: Ground out U3 (Groundball, 3)
Top of the 4th over - 0 runs, 2 hits, 0 errors, 2 left on base; Gresham 4 - Albuquerque 2
BOTTOM OF THE 4TH
Albuquerque Isotopes batting - Pitching for Gresham Gold Souls : RHP Paul Miller
Batting: LHB José González 0-0: Swinging Strike
0-1: Ball
1-1: Ball
2-1: Ball
3-1: Called Strike
3-2: Base on Balls
Batting: RHB Tony Parker 0-0: Called Strike
0-1: Ball
1-1: Called Strike
1-2: Ball
2-2: Ball
3-2: Base on Balls
José González to second
Batting: RHB Luis Ortega 0-0: Swinging Strike
0-1: Ball
1-1: Swinging Strike
1-2: Strikes out swinging
Batting: RHB Martín López 0-0: Swinging Strike
0-1: Ball
1-1: Foul Ball, location: 2F
1-2: Foul Ball, location: 2F
1-2: Ball
2-2: Strikes out swinging
Batting: RHB Piotr Zahn 0-0: Called Strike
0-1: Ground out 4-3 (Groundball, 4)
Bottom of the 4th over - 0 runs, 0 hits, 0 errors, 2 left on base; Gresham 4 - Albuquerque 2
TOP OF THE 5TH
Gresham Gold Souls batting - Pitching for Albuquerque Isotopes : RHP Pedro Mendoza
Pitching: RHP Rob Woods
Batting: RHB Robert Bly 0-0: Ball
1-0: Ground out 6-3 (Groundball, 6M)
Batting: SHB Todd Smith 0-0: Called Strike
0-1: Ground out U3 (Groundball, 34S)
Batting: RHB Augusto Baiano 0-0: Called Strike
0-1: Ball
1-1: Ball
2-1: Fly out, F9 (Flyball, 9)
Top of the 5th over - 0 runs, 0 hits, 0 errors, 0 left on base; Gresham 4 - Albuquerque 2
BOTTOM OF THE 5TH
Albuquerque Isotopes batting - Pitching for Gresham Gold Souls : RHP Paul Miller
Batting: LHB Ken Nelson 0-0: Called Strike
0-1: Ball
1-1: Swinging Strike
1-2: Strikes out looking
Batting: RHB Kelly Graham 0-0: Ball
1-0: Ground out U3 (Groundball, 34S)
Batting: LHB Edward Bennett 0-0: Ball
1-0: DOUBLE (Line Drive, 9LM)
Batting: RHB Roberto Tobías 0-0: Ball
1-0: Foul Ball, location: 2F
1-1: Foul Ball, location: 2F
1-2: Hit by Pitch
Batting: LHB José González 0-0: Ball
1-0: Ball
2-0: Ground out 4-3 (Groundball, 34)
Bottom of the 5th over - 0 runs, 1 hit, 0 errors, 2 left on base; Gresham 4 - Albuquerque 2
TOP OF THE 6TH
Gresham Gold Souls batting - Pitching for Albuquerque Isotopes : RHP Rob Woods
Batting: RHB Adam Thomas 0-0: Called Strike
0-1: Foul Ball, location: 2F
0-2: Ball
1-2: Ball
2-2: Foul Ball, location: 2F
2-2: Strikes out swinging
Batting: LHB Alberto Varela 0-0: Called Strike
0-1: Ground out 4-3 (Groundball, 4S)
Batting: LHB Bill Smith 0-0: SINGLE (Line Drive, 7S)
Batting: LHB Troy Donaldson 0-0: Ball
1-0: Called Strike
1-1: Ball
Bill Smith is caught stealing 2nd base
Top of the 6th over - 0 runs, 1 hit, 0 errors, 0 left on base; Gresham 4 - Albuquerque 2
BOTTOM OF THE 6TH
Albuquerque Isotopes batting - Pitching for Gresham Gold Souls : RHP Paul Miller
Batting: RHB Tony Parker 0-0: Called Strike
0-1: Ball
1-1: SINGLE (Groundball, 34D)
Batting: RHB Luis Ortega 0-0: Called Strike
0-1: Ball
1-1: Foul Ball, location: 2F
1-2: Strikes out swinging
Pitching: RHP Jamal Clayton
Batting: RHB Martín López 0-0: Ball
1-0: Fielders Choice at 2nd, 6-4 (Groundball, 6D)
Batting: RHB Piotr Zahn 0-0: Called Strike
Martín López steals 2nd base
0-1: Ball
1-1: Called Strike
1-2: Strikes out swinging
Bottom of the 6th over - 0 runs, 1 hit, 0 errors, 1 left on base; Gresham 4 - Albuquerque 2
TOP OF THE 7TH
Gresham Gold Souls batting - Pitching for Albuquerque Isotopes : RHP Rob Woods
Batting: LHB Troy Donaldson 0-0: Called Strike
0-1: Foul Ball, location: 2F
0-2: SINGLE (Groundball, 34D)
Batting: LHB Ezechiele Bruno 0-0: Called Strike
0-1: Fly out, F8 (Flyball, 8RD)
Batting: LHB Millard Dye 0-0: Ball
Throwing error on steal attempt, E2
Troy Donaldson to third
1-0: Ball
2-0: Foul Ball, location: 2F
2-1: Ball
3-1: Base on Balls
Batting: RHB Robert Bly 0-0: Fly out, F6 (Line Drive, 6)
Batting: SHB Todd Smith 0-0: Called Strike
0-1: Fly out, F2 (Popup, 2LF)
Top of the 7th over - 0 runs, 1 hit, 1 error, 2 left on base; Gresham 4 - Albuquerque 2
BOTTOM OF THE 7TH
Albuquerque Isotopes batting - Pitching for Gresham Gold Souls : RHP Jamal Clayton
Batting: LHB Ken Nelson 0-0: SINGLE (Flyball, 7S)
Batting: RHB Kelly Graham 0-0: DOUBLE (Line Drive, 78D)
Ken Nelson to third
Runner from 3rd tries for Home, SAFE, no throw
Batting: LHB Edward Bennett 0-0: Ball
1-0: Called Strike
1-1: Ground out 3-1 (Groundball, 34)
Kelly Graham to third
Batting: RHB Roberto Tobías 0-0: Ball
1-0: Foul Ball, location: 2F
1-1: Swinging Strike
1-2: SINGLE (Line Drive, 4M)
Kelly Graham scores
Batting: LHB José González 0-0: Foul Ball, location: 2F
0-1: Swinging Strike
0-2: Strikes out swinging
Pitching: RHP Taylor Bowen
Batting: RHB Tony Parker 0-0: Called Strike
0-1: Called Strike
0-2: Ball
1-2: Ball
2-2: Strikes out looking
Bottom of the 7th over - 2 runs, 3 hits, 0 errors, 1 left on base; Gresham 4 - Albuquerque 4
TOP OF THE 8TH
Gresham Gold Souls batting - Pitching for Albuquerque Isotopes : RHP Rob Woods
Pinch Hitting: RHB Alberto Chávez 0-0: Ground out 4-3 (Groundball, 4)
Batting: RHB Adam Thomas 0-0: Foul Ball, location: 2F
0-1: Ball
1-1: Ball
2-1: Ball
3-1: SINGLE (Groundball, 6MD)
Batting: LHB Alberto Varela 0-0: Foul Ball, location: 2F
0-1: Ball
1-1: Ball
2-1: Ball
3-1: Called Strike
3-2: Fielders Choice at 2nd, 4-6 (Groundball, 34)
Batting: LHB Bill Smith 0-0: Ball
1-0: Called Strike
Alberto Varela steals 2nd base
1-1: Foul Ball, location: 2F
1-2: Strikes out swinging
Top of the 8th over - 0 runs, 1 hit, 0 errors, 1 left on base; Gresham 4 - Albuquerque 4
BOTTOM OF THE 8TH
Albuquerque Isotopes batting - Pitching for Gresham Gold Souls : RHP Taylor Bowen
Now at 2B: Alberto Chávez
Pinch Hitting: LHB Fernando Ortíz 0-0: Ball
1-0: Ball
2-0: Foul Ball, location: 2F
2-1: Swinging Strike
2-2: Ground out U3 (Groundball, 3L)
Pinch Hitting: LHB Héctor Soto 0-0: Called Strike
0-1: Swinging Strike
0-2: Ball
1-2: Strikes out looking
Batting: RHB Piotr Zahn 0-0: Ground out 5-3 (Groundball, 56)
Bottom of the 8th over - 0 runs, 0 hits, 0 errors, 0 left on base; Gresham 4 - Albuquerque 4
TOP OF THE 9TH
Gresham Gold Souls batting - Pitching for Albuquerque Isotopes : RHP Rob Woods
Pitching: RHP Steve Snyder
Now at SS: Javier Peńa
Now in RF: Fernando Ortíz
Batting: LHB Troy Donaldson 0-0: Called Strike
0-1: Ball
1-1: Swinging Strike
1-2: Ground out 1-3 (Groundball, 13)
Batting: LHB Ezechiele Bruno 0-0: Swinging Strike
0-1: Foul Ball, location: 2F
0-2: Ball
1-2: Ball
2-2: Strikes out looking
Batting: LHB Millard Dye 0-0: Ground out U3 (Groundball, 3L)
Top of the 9th over - 0 runs, 0 hits, 0 errors, 0 left on base; Gresham 4 - Albuquerque 4
BOTTOM OF THE 9TH
Albuquerque Isotopes batting - Pitching for Gresham Gold Souls : RHP Taylor Bowen
Pitching: LHP Jerry Beck
Batting: LHB Ken Nelson 0-0: Foul Ball, location: 2F
0-1: Swinging Strike
0-2: Foul Ball, location: 2F
0-2: Ball
1-2: Strikes out swinging
Batting: RHB Kelly Graham 0-0: Called Strike
0-1: Ball
1-1: Ball
2-1: Foul Ball, location: 2F
2-2: SINGLE (Line Drive, 8RS)
Pinch Hitting: RHB Jesse McKnight 0-0: Called Strike
0-1: Ball
1-1: Ball
2-1: Foul Ball, location: 2F
2-2: SINGLE (Groundball, 34D)
Kelly Graham to second
Runner from 2nd tries for 3rd, SAFE, no throw
Batting: RHB Roberto Tobías 0-0: Called Strike
0-1: Swinging Strike
0-2: Strikes out swinging
Pinch Hitting: SHB Thomas Simmons 0-0: Swinging Strike
0-1: Ball
1-1: Ball
2-1: Fly out, F7 (Flyball, 78S)
Bottom of the 9th over - 0 runs, 2 hits, 0 errors, 2 left on base; Gresham 4 - Albuquerque 4
TOP OF THE 10TH
Gresham Gold Souls batting - Pitching for Albuquerque Isotopes : RHP Steve Snyder
Now at 2B: Jesse McKnight
Now in LF: Thomas Simmons
Pinch Hitting: LHB Nick Scott 0-0: Foul Ball, location: 2F
0-1: Foul Ball, location: 2F
0-2: Strikes out swinging
Batting: SHB Todd Smith 0-0: Ball
1-0: Ball
2-0: SINGLE (Flyball, 56D)
Batting: RHB Alberto Chávez 0-0: Called Strike
0-1: Ball
1-1: Swinging Strike
1-2: Ball
2-2: Strikes out swinging
Batting: RHB Adam Thomas 0-0: Called Strike
0-1: Foul Ball, location: 2F
0-2: Strikes out swinging
Top of the 10th over - 0 runs, 1 hit, 0 errors, 1 left on base; Gresham 4 - Albuquerque 4
BOTTOM OF THE 10TH
Albuquerque Isotopes batting - Pitching for Gresham Gold Souls : LHP Jerry Beck
Now at C: Jaime Rodríguez
Batting: RHB Tony Parker 0-0: Ball
1-0: Ball
2-0: Called Strike
2-1: Foul Ball, location: 2F
2-2: Ground out 5-3 (Groundball, 56S)
Batting: LHB Fernando Ortíz 0-0: Called Strike
0-1: Swinging Strike
0-2: Ball
1-2: Ball
2-2: Ball
3-2: Strikes out swinging
Batting: RHB Javier Peńa 0-0: Called Strike
0-1: Ball
1-1: Ball
2-1: Ball
3-1: Foul Ball, location: 2F
3-2: Fly out, F7 (Flyball, 7)
Bottom of the 10th over - 0 runs, 0 hits, 0 errors, 0 left on base; Gresham 4 - Albuquerque 4
TOP OF THE 11TH
Gresham Gold Souls batting - Pitching for Albuquerque Isotopes : RHP Steve Snyder
Pitching: RHP Germán Hernández
Batting: LHB Alberto Varela 0-0: Foul Ball, location: 2F
0-1: Foul Ball, location: 2F
0-2: Ball
1-2: Ball
2-2: Ball
3-2: Strikes out swinging
Batting: LHB Bill Smith 0-0: Fly out, F8 (Flyball, 8LXD)
Batting: LHB Troy Donaldson 0-0: Called Strike
0-1: Swinging Strike
0-2: Ball
1-2: Ball
2-2: Strikes out looking
Top of the 11th over - 0 runs, 0 hits, 0 errors, 0 left on base; Gresham 4 - Albuquerque 4
BOTTOM OF THE 11TH
Albuquerque Isotopes batting - Pitching for Gresham Gold Souls : LHP Jerry Beck
Pitching: RHP Bob Bartell
Pinch Hitting: SHB Manuel Hegnauer 0-0: Called Strike
0-1: Ball
1-1: Swinging Strike
1-2: Strikes out swinging
Batting: LHB Ken Nelson 0-0: Called Strike
0-1: Ball
1-1: Swinging Strike
1-2: Ball
2-2: Ball
3-2: Base on Balls
Batting: RHB Kelly Graham 0-0: Ball
Wild Pitch!
Ken Nelson to second
1-0: Ball
2-0: Ball
3-0: Called Strike
3-1: Called Strike
3-2: Ground out 6-3 (Groundball, 6M)
Ken Nelson to third
Batting: RHB Jesse McKnight 0-0: SINGLE (Flyball, 9LS)
Ken Nelson scores
Saturday, December 16th, 2017 - OOTP Baseball 18.8 Build 76